 Dungeon Crawl Stone Soup version 0.30-a0-377-g5cb311bc9f (webtiles) character file.

Game seed: 309493079613413678

3735 PyroL the Reanimator (level 9, -13/57 HPs)
             Began as a Demonspawn Necromancer on Nov 30, 2022.
             Mangled by an orc knight
             ... wielding a +0 halberd
              (19 damage)
             ... in a bailey.
             The game lasted 00:26:10 (9315 turns).

PyroL the Reanimator (Demonspawn Necromancer)       Turns: 9315, Time: 00:26:10

Health: -13/57     AC: 14    Str:  8    XL:     9   Next: 93%
Magic:  0/22       EV: 16    Int: 22    God:
Gold:   613        SH:  0    Dex: 13    Spells: 8/26 levels left

rFire   + . .      SeeInvis .    l - staff of death
rCold   . . .      Faith    .    (no shield)
rNeg    + . .      Spirit   .    y - +2 robe {Archmagi}
rPois   .          Reflect  .    (no helmet)
rElec   .          Harm     .    e - +0 cloak
rCorr   .          Rampage  .    (no gloves)
Will    .....      Archmagi +    (no boots)
Stlth   +.........               (no amulet)
HPRegen 0.29/turn                t - ring of protection from fire
MPRegen 0.36/turn                w - +4 ring of evasion

@: death channelling, sanguine armoured, studying Conjurations, very slow
A: claws 1, foul stench 2, magic regeneration, sanguine armour 2
a: no special abilities


You were in a bailey.
You visited 2 branches of the dungeon, and saw 8 of its levels.
You also visited: Sewer, Ossuary and Bailey.

You collected 613 gold pieces.

Inventory:

Missiles
 E - a throwing net
Armour
 e - a +0 cloak (worn)
 y - a +2 robe of the Archmagi (worn)
 D - the +3 leather armour of Ethuchir {rPois rC++ Stlth+}
   (You found it on level 6 of the Dungeon)

   rC:        It greatly protects you from cold.
   rPois:     It protects you from poison.
   Stlth:     It makes you more stealthy.
Magical Staves
 l - a staff of death (weapon)
Jewellery
 r - a ring of protection from cold
 t - a ring of protection from fire (left claw)
 w - a +4 ring of evasion (right claw)
 C - a +4 ring of evasion
Wands
 k - a wand of paralysis (11)
 p - a wand of acid (7)
 A - a wand of flame (29)
Scrolls
 c - a scroll of noise {unknown}
 h - 4 scrolls of poison
 i - 6 scrolls of teleportation
 j - 3 scrolls of fog
 o - 2 scrolls of blinking {unknown}
 q - a scroll of enchant weapon {unknown}
 v - 3 scrolls of fear {unknown}
 B - a scroll of immolation {unknown}
Potions
 a - 2 potions of brilliance
 b - a potion of magic
 d - 2 potions of flight
 f - a potion of heal wounds
 g - 3 potions of lignification
 m - 2 potions of berserk rage {unknown}
 n - 3 potions of attraction
 s - 3 potions of haste
 u - a potion of curing
 x - a potion of cancellation {unknown}
 z - 2 potions of mutation {unknown}


   Skills:
 - Level 1.7 Dodging
 - Level 1.7 Stealth
 + Level 9.3 Spellcasting
 + Level 12.0 Necromancy


You had 8 spell levels left.
You knew the following spells:

 Your Spells              Type           Power      Damage    Failure   Level
a - Necrotise             Necr           100%       1d9       1%          1
b - Vampiric Draining     Necr           97%        2d12      1%          3
c - Animate Dead          Necr           97%        N/A       1%          4
d - Dispel Undead         Necr           97%        3d30      1%          4
e - Death Channel         Necr           48%        N/A       7%          6

Your spell library contained the following spells:

 Spells                   Type           Power      Damage    Failure   Level
 Cigotuvi's Dreadful Rot  Necr/Pois/Air  100%       N/A       1%          2
 Sublimation of Blood     Necr           97%        N/A       1%          2
 Agony                    Necr           97%        N/A       1%          5
 Ensorcelled Hibernation  Hex/Ice        30%        N/A       10%         2
 Passwall                 Tmut/Erth      12%        N/A       10%         2
 Swiftness                Air            15%        N/A       19%         3
 Petrify                  Tmut/Erth      15%        N/A       54%         4
 Irradiate                Conj/Tmut      7%         3d14      87%         5


Dungeon Overview and Level Annotations

Branches:
Dungeon (7/15)             Temple (1/1) D:5           Sewer (visited)
Ossuary (visited)          Bailey (1/1)

Altars:
Ashenzari
Cheibriados
Dithmenos
Fedhas
Gozag
Hepliaklqana
Makhleb
Nemelex Xobeh
Okawaru
Sif Muna
Trog
Uskayaw
Vehumet
Wu Jian
Xom
Yredelemnul

Shops:
D:6 *(


Innate Abilities, Weirdness & Mutations

You have sharp fingernails.
You sometimes emit foul miasma when damaged in melee.
You regenerate magic rapidly.
When seriously injured, your blood forms thick armour. (AC +9)


Message History

Casting: Necrotise (safe; 1% risk of failure)
Confirm with . or Enter, or press ? or * to list all spells.
Aiming: Necrotise (safe; 1% risk of failure)
Press: ? - help, Shift-Dir - straight line, f/p - orc knight
Aim: an orc knight, wielding a +0 halberd and wearing a +0 chain mail (almost dead, ally target, chance to affect: 70%)
You feel a strong surge of power!
The orc knight writhes in agony!
The orc warrior closely misses you.
The orc knight hits you with a +0 halberd.
* * * LOW HITPOINT WARNING * * *
Your orc zombie hits the orc knight but does no damage.
Casting: Necrotise (safe; 1% risk of failure)
Confirm with . or Enter, or press ? or * to list all spells.
Aiming: Necrotise (safe; 1% risk of failure)
Press: ? - help, Shift-Dir - straight line, f/p - orc knight
Aim: an orc knight, wielding a +0 halberd and wearing a +0 chain mail (almost dead, ally target, chance to affect: 70%)
You feel a strong surge of power!
The orc knight writhes in agony.
The orc warrior hits you from afar with a +0 halberd.
* * * LOW HITPOINT WARNING * * *
The orc knight roars a battlecry!
The orc warrior goes into a battle-frenzy!
Your orc zombie misses the orc knight.
Casting: Necrotise (safe; 1% risk of failure)
Confirm with . or Enter, or press ? or * to list all spells.
Aiming: Necrotise (safe; 1% risk of failure)
Press: ? - help, Shift-Dir - straight line, f/p - orc knight
Aim: an orc knight, wielding a +0 halberd and wearing a +0 chain mail (almost dead, ally target, chance to affect: 70%)
You feel a strong surge of power!
The orc knight struggles to resist.
The orc warrior hits you from afar with a +0 halberd.
* * * LOW HITPOINT WARNING * * *
The orc knight misses you.
Your orc zombie hits the orc knight but does no damage.
Casting: Necrotise (safe; 1% risk of failure)
Confirm with . or Enter, or press ? or * to list all spells.
You don't have enough magic to cast this spell.
Unknown command.
Unknown command.
You enter the shallow water.
Moving in this stuff is going to be slow.
The orc knight hits you from afar with a +0 halberd!!
You die...

....~~~~~~~~#~~##)#)##Z~#~~~~~~~~
....~~~~~~~##~#########~##~~~~~~~
....~~~~~~~##~'Z#).)#)'~##~Z~~~~~
....~~~~~~~##~###._.###Z##Z~~~~~~
....~~~~~~~##~')#...#)'Z##Z~~~~~~
....~~~~~~~##~####'####~##~~~~~~~
....~~~~~~~~#~~##oo∩##~~##Z~~~~~~
....~~~~~~~~##~~#'Z'##~~~~~~~~~~~
....~~~~~~~~~##~@~~~##~~~~~~~~~~~
....~≈≈)≈≈≈~~~##~~~~##~~~~≈≈≈~≈≈~
....≈≈#)##≈~~~~#######~~~~≈##.#≈≈
....≈##)∩#≈~~~~~~~~~~~~~~~≈#∩.##≈
....≈#....~~~~~~~~~~~~~~~~~))..#≈
....≈##.##≈~~~~~~~~~~~~~~~≈##.##≈
....≈≈###≈≈~~~~~~~~~~~~~~~≈≈###≈≈
....~≈≈≈≈≈~~~~~~~~~~~~~~~~~≈≈≈≈≈~
.................................


You could see an orc knight (ally target), an orc warrior (strong) and a
friendly orc zombie.

Vanquished Creatures
  Sigmund (D:4)
  Eustachio (D:4)
  Edmund (D:5)
  Duvessa (D:6)
  2 sky beasts
  10 orc warriors (Bailey)
  An ogre (D:5)
  A black bear (D:4)
  2 centaurs (D:5)
  A phantom (D:6)
  An elf zombie (Ossuary)
  A bullfrog (Sewer)
  A kobold brigand (D:4)
  2 necrophages (D:6)
  2 scorpions
  Dowan (D:6)
  3 centaur zombies (Ossuary)
  4 jellies
  A gnoll bouda (D:7)
  2 iguanas (D:6)
  Natasha (twice) (D:4)
  2 mummies (Ossuary)
  18 adders
  3 gnolls (D:7)
  An ufetubus (D:5)
  A worm (D:3)
  2 dart slugs (D:4)
  17 orcs
  11 endoplasms
  6 giant cockroaches
  5 gnoll zombies (Ossuary)
  7 hobgoblins
  5 jackals
  6 kobolds
  5 quokkas
  12 ball pythons
  5 bats
  9 frilled lizards
  11 goblins
  A goblin zombie (Ossuary)
  4 hobgoblin zombies (Ossuary)
  5 rats
  2 rat zombies (D:5)
179 creatures vanquished.

Vanquished Creatures (collateral kills)
  An orc warrior (Bailey)
  2 ogres
  A bullfrog (Sewer)
  Crazy Yiuf (D:3)
  Natasha (D:4)
  An iguana (D:6)
  2 adders (Sewer)
  A gnoll (D:7)
  An ufetubus (D:6)
  A dart slug (D:2)
  3 orcs (Bailey)
  A giant cockroach (Sewer)
  2 goblins
  2 kobolds
  A ball python (D:3)
  4 frilled lizards (Sewer)
  2 rats
27 creatures vanquished.

Vanquished Creatures (others)
  An elf zombie (D:6)
  An adder zombie (Sewer)
  A bat zombie (D:3)
  A dart slug zombie (D:4)
  9 orc zombies
  A fungus (D:3)
14 creatures vanquished.

Grand Total: 220 creatures vanquished

Notes
Turn   | Place    | Note
-------+----------+-------------------------------------------
     0 | D:1      | PyroL the Demonspawn Necromancer began the quest for the
                  | Orb.
     0 | D:1      | Reached XP level 1. HP: 13/13 MP: 3/3
   399 | D:1      | Found a faded altar of an unknown god.
   465 | D:1      | Gained mutation: When seriously injured, your blood forms
                  | armour. (AC +9) [demonic ancestry]
   465 | D:1      | Reached XP level 2. HP: 19/19 MP: 3/5
   901 | D:2      | Reached skill level 5 in Necromancy
   901 | D:2      | Reached XP level 3. HP: 24/24 MP: 2/7
   905 | D:2      | Learned a level 3 spell: Vampiric Draining
  1835 | D:3      | Found a glowing drain.
  1843 | D:3      | Gained mutation: You have sharp fingernails. [demonic
                  | ancestry]
  1843 | D:3      | Reached XP level 4. HP: 30/30 MP: 3/8
  1851 | Sewer    | Entered a sewer
  1930 | Sewer    | Learned a level 4 spell: Animate Dead
  2269 | Sewer    | Gained mutation: When seriously injured, your blood forms
                  | thick armour. (AC +9) [demonic ancestry]
  2269 | Sewer    | Reached XP level 5. HP: 34/35 MP: 6/10
  2384 | Sewer    | Reached skill level 6 in Necromancy
  2442 | Sewer    | Gained mutation: You may rarely emit foul miasma when
                  | damaged in melee. [demonic ancestry]
  2442 | Sewer    | Reached XP level 6. HP: 18/41 MP: 1/12
  3079 | D:3      | Noticed a sky beast
  3149 | D:3      | Killed a sky beast
  3150 | D:3      | Reached skill level 7 in Necromancy
  3304 | D:3      | Learned a level 4 spell: Dispel Undead
  3575 | D:3      | Found a runed translucent door.
  3576 | D:3      | Noticed Crazy Yiuf
  3688 | D:3      | Killed Crazy Yiuf
  4074 | D:4      | Reached skill level 5 in Spellcasting
  4074 | D:4      | Gained mutation: You sometimes emit foul miasma when
                  | damaged in melee. [demonic ancestry]
  4074 | D:4      | Reached XP level 7. HP: 46/46 MP: 9/14
  4393 | D:4      | Noticed Natasha
  4408 | D:4      | Killed Natasha
  4523 | D:4      | Noticed Natasha
  4527 | D:4      | Killed Natasha
  4527 | D:4      | Noticed Eustachio
  4528 | D:4      | Reached skill level 8 in Necromancy
  4699 | D:4      | Killed Eustachio
  4748 | D:4      | Noticed Natasha
  4752 | D:4      | Killed Natasha
  4823 | D:4      | Noticed Sigmund
  4842 | D:4      | Killed Sigmund
  4843 | D:4      | Reached XP level 8. HP: 31/52 MP: 9/17
  4932 | D:4      | Reached skill level 9 in Necromancy
  5116 | D:4      | Found a hide-covered altar of Uskayaw.
  5124 | D:4      | Learned a level 6 spell: Death Channel
  5470 | D:5      | Entered Level 5 of the Dungeon
  5646 | D:5      | Found a sand-covered staircase.
  5661 | Ossuary  | Entered an ossuary
  6226 | D:5      | Noticed Edmund
  6243 | D:5      | Killed Edmund
  6318 | D:5      | Found a staircase to the Ecumenical Temple.
  6374 | Temple   | Entered the Ecumenical Temple
  6760 | D:5      | Reached skill level 10 in Necromancy
  7347 | D:6      | Noticed Duvessa
  7362 | D:6      | Killed Duvessa
  7363 | D:6      | Noticed Dowan
  7372 | D:6      | Killed Dowan
  7373 | D:6      | Gained mutation: You regenerate magic rapidly. [demonic
                  | ancestry]
  7373 | D:6      | Reached XP level 9. HP: 43/57 MP: 2/20
  7591 | D:6      | Found Dinige's Neck Hole.
  7902 | D:6      | Found Rium's Weapon Boutique.
  7908 | D:6      | Identified the +3 leather armour of Ethuchir {rPois rC++
                  | Stlth+}
  8178 | D:6      | Your ally Duvessa died
  8202 | D:6      | Reached skill level 11 in Necromancy
  8298 | D:6      | Found a radiant altar of Vehumet.
  8516 | D:7      | Found a flagged portal.
  8536 | Bailey   | Entered a bailey
  9207 | Bailey   | Reached skill level 12 in Necromancy
  9293 | Bailey   | Acquired 1285 gold pieces
  9294 | Bailey   | Noticed an orc knight
  9315 | Bailey   | Mangled by an orc knight

Illustrated notes

Levels and vault maps discovered:
D:1:      nzn_arrival_water_spiral, layout_basic,
          shapermc_ecumenical_altar_totnotflames
D:2:      layout_rooms, palyth_stone_intersect
D:3:      layout_loops_ring, cheibrodos_sewer_entry_sluice,
          uniq_crazy_yiuf_cottage
D:4:      minmay_razor_zed, layout_cave_pools, nicolae_uskayaw_suspiria,
          grunt_ministairs_7, minmay_misc_feat_doors, uniq_sigmund,
          uniq_natasha, uniq_eustachio
D:5:      layout_loops_corners, minmay_temple_entry_mini_moons, enter_ossuary_4,
          chequers_serial_rivers_room_a, minmay_manual_mares, uniq_edmund
D:6:      layout_loops_cross, lemuel_coloured_pillars_altar, serial_shops,
          nicolae_shop_bloodbath_and_beyond, nicolae_shop_sticking_my_neck_out,
          uniq_duvessa
D:7:      layout_loops_corners, mainiacjoe_overflow_cross_hatched,
          enter_bailey_3, gammafunk_ghost_wrathful_warriors,
          kennysheep_crisscross, kennysheep_generic_room_6, uniq_joseph,
          uniq_menkaure
Temple:   eino_temple_scatter_basement
Bailey:   bailey_polearm_2, bailey

Skill      XL: |  1  2  3  4  5  6  7  8  9 |
---------------+----------------------------+-----
Necromancy     | 5 6 7 8 10 12 | 12.0
Spellcasting   | 3 4 5 6 7 9 |  9.3
Dodging        | |  1.7
Stealth        | |  1.7

Action                   |  1- 3 |  4- 6 |  7- 9 || total
-------------------------+-------+-------+-------++-------
Melee: Dagger            |    43 |    98 |       ||   141
       Punch             |     1 |       |     5 ||     6
       Short sword       |       |       |    25 ||    25
       Staff             |       |       |    72 ||    72
 Cast: Necrotise         |    64 |    87 |   270 ||   421
       Animate Dead      |       |     3 |     6 ||     9
       Vampiric Draining |       |     2 |    14 ||    16
       Dispel Undead     |       |       |    19 ||    19
       Death Channel     |       |       |     8 ||     8
  Use: Scroll            |     2 |       |     8 ||    10
       Potion            |       |       |     2 ||     2
 Stab: Distracted        |       |     1 |       ||     1
       Sleeping          |       |       |     1 ||     1
Armor: Robe              |    18 |    38 |    66 ||   122
Dodge: Dodged            |    33 |    91 |   265 ||   389

Table legend: (Time is in decaauts)
 A = Elapsed time spent in this place.
 B = Non-inter-level travel time spent in this place.
 C = Inter-level travel time spent in this place.
 D = Time resting spent in this place.
 E = Time spent auto-exploring this place.
 F = Levels seen in this place.
 G = Mean time per level.
                   A        B        C        D        E       F      G
               +--------+--------+--------+--------+--------+-----+--------+
         Total |   9448 |   9183 |    265 |   1131 |   6377 |  11 |  858.9 |
       Dungeon |   6941 |   6695 |    246 |    701 |   4893 |   7 |  991.6 |
        Temple |    162 |    143 |     19 |      0 |    129 |   1 |  162.0 |
         Sewer |   1006 |   1006 |      0 |    194 |    577 |   1 | 1006.0 |
       Ossuary |    514 |    514 |      0 |    188 |    224 |   1 |  514.0 |
        Bailey |    822 |    822 |      0 |     48 |    553 |   1 |  822.0 |
               +--------+--------+--------+--------+--------+-----+--------+

Top non-repeatable levels by time:
     D:4: 1473 daAuts
     D:3: 1286 daAuts
     D:5: 1206 daAuts
     D:6: 1009 daAuts
   Sewer: 1006 daAuts
     D:2: 989 daAuts
  Bailey: 822 daAuts
     D:1: 790 daAuts
 Ossuary: 514 daAuts
     D:7: 185 daAuts
  Temple: 162 daAuts
